 Dungeon Crawl Stone Soup version 0.32-a0-918-g0f22ef8d61 (webtiles) character file.

Game seed: 1909639914139183643

169 jestert79 the Changeling (level 5, 0/25 HPs)
             Began as a Spriggan Shapeshifter on Apr 10, 2024.
             Slain by an orc
             ... wielding a +1 dagger of electrocution
              (5 damage)
             ... on level 3 of the Dungeon.
             The game lasted 00:05:28 (1635 turns).

jestert79 the Changeling (Spriggan Shapeshifter)    Turns: 1635, Time: 00:05:29

Health: 0/25       AC:  2    Str: 10    XL:     5   Next: 25%
Magic:  6/6        EV: 16    Int: 12    God:
Gold:   109        SH:  0    Dex: 16    Spells: 4/4 levels left

rFire   . .          .
                       - Unarmed
rCold   . . .        (no shield)
rNeg    . . .        a - +0 animal skin
rPois   .            (helmet currently unavailable)
rElec   .            (cloak currently unavailable)
rCorr   .            (gloves unavailable)
SInv    +            (boots unavailable)
Will    .....        (no amulet)
Stlth   +            (no ring)
HPRegen 0.24/turn    (no ring)
MPRegen 0.10/turn

%: no passive effects
@: beast-form, very quick
A: beast (slay +3), very small, no large weapons, unfitting armour, see
invisible, speed 3
a: Begin Untransformation


You were on level 3 of the Dungeon.
You were a hulking beast.
You visited 1 branch of the dungeon, and saw 3 of its levels.

You collected 109 gold pieces.

Inventory:

Hand Weapons
 b - a +0 sling
Missiles
 i - 6 poisoned darts
 n - 4 curare-tipped darts (quivered)
Armour
 a - a +0 animal skin (worn)
 p - a +0 buckler
Talismans
 c - a beast talisman (active)
 d - a flux talisman
 k - a maw talisman
Scrolls
 e - a scroll of acquirement {unknown}
 h - a scroll of identify {unknown}
 j - a scroll of fear {unknown}
 o - a scroll of enchant weapon {unknown}
Potions
 f - a potion of lignification
 g - a potion of brilliance {unknown}
 l - a potion of invisibility {unknown}
 m - a potion of curing {unknown}
 q - a potion of mutation {unknown}


   Skills:
 - Level 0.7 Fighting
 - Level 2.6 Dodging
 * Level 4.3 Unarmed Combat
 + Level 5.4 Shapeshifting


You had 4 spell levels left.
You didn't know any spells.
Your spell library was empty.

Dungeon Overview and Level Annotations

Branches:
Dungeon (3/15)

Altars:


Innate Abilities, Weirdness & Mutations

You are a hulking beast.
Your limbs bulge with bestial killing power. (Slay +3)
You are very small and have problems with some larger weapons.
You are too small for most types of armour.
You have supernaturally acute eyesight. (SInv)
You cover ground extremely quickly. (Speed+++)


Message History

You hit the ribbon worm.
The ribbon worm is severely wounded.
The ribbon worm barely misses you.
You hit the ribbon worm.
You kill the ribbon worm!
You see here a ribbon worm corpse.
You see here a frilled lizard corpse.
A hobgoblin and 2 giant cockroaches come into view.
The hobgoblin shouts!
There are monsters nearby!
There are monsters nearby!
There are monsters nearby!
You closely miss the hobgoblin. The hobgoblin hits you.
You hit the hobgoblin but do no damage. The hobgoblin misses you.
You punch the hobgoblin!
You kill the hobgoblin!
You punch the giant cockroach!
You kill the giant cockroach!
You see here a hobgoblin corpse.
The giant cockroach misses you.
You closely miss the giant cockroach. The giant cockroach closely misses you.
You punch the giant cockroach!
You kill the giant cockroach!
You see here a giant cockroach corpse.
HP restored.
An orc comes into view.
It is wielding a +1 dagger of electrocution.
An orc is nearby!
An orc is nearby!
An orc is nearby!
The orc misses you.
You hit the orc but do no damage. The orc misses you.
You closely miss the orc.
The orc hits you with a +1 dagger of electrocution.
You are electrocuted!
Ouch! That really hurt!
* * * LOW HITPOINT WARNING * * *
You hit the orc.
The orc is almost dead.
The orc hits you with a +1 dagger of electrocution.
You die...

#.....#........##....##.#
#..............##.)####.#
#.######.......##<.####.#
#. #.......##.......# #.
#.......######.### #
#########.#### #.#
#.......#.# #.# #......#
###.#### .....##h###
#..)...< #.# #o# #.#.###.
#.# #.#.# #. ...
.o............ ...
###.###.##.##. ####.
#.##.##. . #.. .... ..
### .###


You could see an orc.

Vanquished Creatures
  Jessica (D:2)
  Natasha (thrice) (D:2)
  An adder (D:3)
  3 ribbon worms
  A dart slug (D:1)
  An orc (D:3)
  6 bats
  5 endoplasms
  3 giant cockroaches
  6 goblins
  2 hobgoblins
  4 jackals (D:1)
  3 quokkas
  2 frilled lizards
  5 kobolds
  2 rats
48 creatures vanquished.

Notes
Turn   | Place    | Note
-------+----------+-------------------------------------------
     0 | D:1      | jestert79 the Spriggan Shapeshifter began the quest for the
                  | Orb.
     0 | D:1      | Reached XP level 1. HP: 9/9 MP: 2/2
     3 | D:1      | Noticed an electric eel
     4 | D:1      | Noticed an electric eel
   221 | D:1      | Reached XP level 2. HP: 14/14 MP: 3/3
   678 | D:1      | Reached XP level 3. HP: 17/17 MP: 4/4
   727 | D:2      | Noticed Jessica
   734 | D:2      | Killed Jessica
   930 | D:2      | Noticed Natasha
   935 | D:2      | Killed Natasha
   936 | D:2      | Reached skill level 5 in Shapeshifting
   936 | D:2      | Reached XP level 4. HP: 12/21 MP: 5/5
   991 | D:2      | Noticed Natasha
   999 | D:2      | Killed Natasha
  1157 | D:2      | Noticed Natasha
  1166 | D:2      | Killed Natasha
  1167 | D:2      | Reached XP level 5. HP: 14/25 MP: 6/6
  1635 | D:3      | Slain by an orc

Illustrated notes

Levels and vault maps discovered:
D:1:      arrival_aquarium_b, layout_loops_cross
D:2:      layout_basic, grunt_ministairs_2, hangedman_decor_growths,
          minmay_misc_feat_diagonals, uniq_jessica, uniq_natasha
D:3:      layout_loops_cross

Skill      XL: |  1  2  3  4 |
---------------+-------------+-----
Unarmed Combat | 3 4 |  4.3
Shapeshifting  | 5 |  5.4
Fighting       | |  0.7
Dodging        | |  2.6

Action                     |  1- 3 |  4- 6 || total
---------------------------+-------+-------++-------
  Melee: Unarmed           |    63 |    35 ||    98
         Punch             |     2 |       ||     2
   Fire: Sling             |    47 |    23 ||    70
  Throw: Dart              |       |     3 ||     3
 Armour: Animal skin       |    19 |    14 ||    33
  Dodge: Dodged            |    42 |    28 ||    70

Table legend: (Time is in decaauts)
 A = Elapsed time spent in this place.
 B = Non-inter-level travel time spent in this place.
 C = Inter-level travel time spent in this place.
 D = Time resting spent in this place.
 E = Time spent auto-exploring this place.
 F = Levels seen in this place.
 G = Mean time per level.
                   A        B        C        D        E       F      G
               +--------+--------+--------+--------+--------+-----+--------+
         Total |   1193 |   1186 |      7 |    194 |    549 |   3 |  397.7 |
       Dungeon |   1193 |   1186 |      7 |    194 |    549 |   3 |  397.7 |
               +--------+--------+--------+--------+--------+-----+--------+

Top non-repeatable levels by time:
     D:2: 596 daAuts
     D:1: 479 daAuts
     D:3: 117 daAuts
